 Dungeon Crawl Stone Soup version 0.29.0-15-g675c0067aa (webtiles) character file.

Game seed: 1992949547156292511

203 Querens the Conjurer (level 5, -3/28 HPs)
             Began as a Deep Elf Conjurer on Sept 11, 2022.
             Killed by nerve-wracking pain
             ... invoked by Grinder
              (14 damage)
             ... on level 3 of the Dungeon.
             The game lasted 00:07:57 (1772 turns).

Querens the Conjurer (Deep Elf Conjurer)            Turns: 1772, Time: 00:07:57

Health: -3/28      AC:  3    Str:  4    XL:     5   Next: 51%
Magic:  13/15      EV: 16    Int: 25    God:
Gold:   90         SH:  0    Dex: 13    Spells: 12/15 levels left

rFire   . . .      SeeInvis .   c - +0 short sword
rCold   . . .      Faith    .   (no shield)
rNeg    . . .      Spirit   .   a - +0 robe
rPois   .          Reflect  .   m - +0 helmet
rElec   .          Harm     .   (no cloak)
rCorr   .          Rampage  .   (no gloves)
Will    .....                   (no boots)
Stlth   ++........              (no amulet)
HPRegen 0.09/turn               q - +4 ring of evasion
MPRegen 0.14/turn               (no ring)

@: attractive, invisible
A: no striking features
a: no special abilities


You were on level 3 of the Dungeon.
You visited 1 branch of the dungeon, and saw 3 of its levels.

You collected 90 gold pieces.

Inventory:

Hand Weapons
 c - a +0 short sword (weapon)
Armour
 a - a +0 robe (worn)
 m - a +0 helmet (worn)
Magical Staves
 f - a staff of earth
Jewellery
 q - a +4 ring of evasion (left hand)
Scrolls
 d - a scroll of blinking {unknown}
 g - a scroll of fear {unknown}
 h - 3 scrolls of identify {unknown}
 j - a scroll of noise {unknown}
 l - a scroll of vulnerability {unknown}
 n - a scroll of enchant armour {unknown}
 r - a scroll of fog {unknown}
Potions
 b - a potion of magic
 e - 2 potions of attraction
 o - a potion of cancellation {unknown}
 p - a potion of heal wounds {unknown}


   Skills:
 - Level 2.4 Dodging
 - Level 2.4 Stealth
 + Level 5.9 Spellcasting
 + Level 6.1 Conjurations


You had 12 spell levels left.
You knew the following spells:

 Your Spells              Type           Power      Damage    Failure   Level
a - Magic Dart            Conj           100%       1d8       1%          1
b - Searing Ray           Conj           76%        2d7       1%          2

Your spell library contained the following spells:

 Spells                   Type           Power      Damage    Failure   Level
 Dazzling Flash           Conj/Hex       44%        N/A       6%          3
 Summon Small Mammal      Summ           28%        N/A       8%          1
 Call Canine Familiar     Summ           7%         N/A       22%         3
 Portal Projectile        Hex/Tloc       14%        N/A       22%         3
 Summon Guardian Golem    Hex/Summ       7%         N/A       22%         3
 Tukima's Dance           Hex            7%         N/A       22%         3
 Fulminant Prism          Conj/Hex       11%        3d9       22%         4
 Iskenderun's Mystic Bla  Conj/Tloc      22%        2d6       22%         4
 Blade Hands              Tmut           3%         N/A       91%         5


Dungeon Overview and Level Annotations

Branches:
Dungeon (3/15)

Altars:

Annotations:
D:3 Grinder


Message History

Level annotation: Grinder
There is a stone staircase leading up here.
Casting: Magic Dart (safe; 1% risk of failure)
Confirm with . or Enter, or press ? or * to list all spells.
You can't see any susceptible monsters within range! (Use Z to cast anyway.) Grinder gestures at you.
Pain shoots through your body!
You see here a puce potion.
e - 3 puce potions (gained 1) Grinder gestures at you.
Pain shoots through your body!
* * * LOW HITPOINT WARNING * * *
There is a stone staircase leading up here.
Unknown command.
It was a potion of attraction.
You feel attractive to monsters. Grinder barely misses you.
It was a potion of invisibility.
You fade into invisibility!
Grinder barely misses you.
It was a potion of ambrosia.
You are confused.
You feel invigorated. Grinder closely misses you.
You bump into the rock wall.
Grinder hits you!
* * * LOW HITPOINT WARNING * * *
You feel less invigorated.
You feel less confused. Grinder is attracted toward you.
Casting: Magic Dart (safe; 1% risk of failure)
Confirm with . or Enter, or press ? or * to list all spells.
Aiming: Searing Ray (safe; 1% risk of failure)
Press: ? - help, Shift-Dir - straight line, f - Grinder
Aim: Grinder (unable to see you, 78% to hit)
The searing ray hits Grinder.
Grinder is lightly wounded. (Press . to maintain the ray.) Grinder gestures at you.
Pain shoots through your body!
Ouch! That really hurt!
You die...

################
###..............#
.................# #######
.................##........
...............#.##........
...........###.#...§.........#
...........# #..@5<..........#
...........#####.##..........
...............#............
.......†...###.####........
...........###.....<.#.##.#
..#########.............#.###
........................)))>#
..........#.............#.#.#
##........#########.....#.#


You could see Grinder (unable to see you).

Vanquished Creatures
  Natasha (thrice) (D:3)
  Robin (D:3)
  3 gnolls (D:3)
  3 adders
  2 worms
  A dart slug (D:1)
  5 endoplasms
  2 giant cockroaches
  9 goblins
  10 hobgoblins
  2 quokkas
  4 ball pythons
  5 bats
  3 frilled lizards
  3 kobolds
  2 rats
58 creatures vanquished.

Vanquished Creatures (others)
  6 toadstools (D:3)
6 creatures vanquished.

Grand Total: 64 creatures vanquished

Notes
Turn   | Place    | Note
-------+----------+-------------------------------------------
     0 | D:1      | Querens the Deep Elf Conjurer began the quest for the Orb.
     0 | D:1      | Reached XP level 1. HP: 10/10 MP: 6/6
   118 | D:1      | You fall into a shaft and drop 1 floor!
   196 | D:1      | Reached XP level 2. HP: 14/15 MP: 4/8
   402 | D:1      | Learned a level 2 spell: Searing Ray
   737 | D:2      | Reached skill level 5 in Conjurations
   737 | D:2      | Reached XP level 3. HP: 19/19 MP: 4/10
   878 | D:2      | Found a faded altar of an unknown god.
  1232 | D:3      | Noticed Natasha
  1237 | D:3      | Killed Natasha
  1238 | D:3      | Reached XP level 4. HP: 24/24 MP: 2/12
  1287 | D:3      | Noticed Robin
  1369 | D:3      | Reached skill level 5 in Spellcasting
  1377 | D:3      | Killed Robin
  1451 | D:3      | Noticed Natasha
  1478 | D:3      | Killed Natasha
  1479 | D:3      | Reached XP level 5. HP: 10/28 MP: 5/14
  1490 | D:3      | Noticed Natasha
  1492 | D:3      | Killed Natasha
  1493 | D:3      | Reached skill level 6 in Conjurations
  1520 | D:3      | Noticed Grinder
  1772 | D:3      | Killed from afar by Grinder

Illustrated notes

Levels and vault maps discovered:
D:1:      roderic_crossed_star, layout_loops_corners
D:2:      layout_basic, hellmonk_ecumenical_altar_zigzags
D:3:      cheibrodos_fertilizer, layout_basic, minmay_misc_feat_chi,
          kennysheep_doodads, uniq_natasha, uniq_grinder, uniq_robin

Skill      XL: |  1  2  3  4  5 |
---------------+----------------+-----
Spellcasting   | 4 5 |  5.9
Conjurations   | 5 6 |  6.1
Dodging        | |  2.4
Stealth        | |  2.4

Action                   |  1- 3 |  4- 6 || total
-------------------------+-------+-------++-------
Melee: Unarmed           |     4 |       ||     4
       Short sword       |    13 |    12 ||    25
 Cast: Magic Dart        |    38 |     5 ||    43
       Searing Ray       |     6 |    12 ||    18
  Use: Potion            |       |     3 ||     3
 Stab: Sleeping          |     1 |       ||     1
Armor: Robe              |     4 |     6 ||    10
Dodge: Dodged            |    20 |    32 ||    52
